 Dungeon Crawl Stone Soup version 0.19.4 (webtiles) character file.

553 Gargoyl the Chopper (level 7, 0/59 HPs)
             Began as a Ghoul Abyssal Knight on Feb 4, 2017.
             Was a Believer of Lugonu.
             Killed by a spatial distortion (4 damage)
             ... on level 5 of the Dungeon.
             The game lasted 00:09:09 (4011 turns).

Gargoyl the Chopper (Ghoul Abyssal Knight)          Turns: 4011, Time: 00:09:09

Health: 0/59       AC: 14    Str: 13 (16) XL:     7   Next: 29%
Magic:  9/9        EV:  3    Int:  7      God:    Lugonu [**....]
Gold:   246        SH:  3    Dex: 10      Spells: 0 memorised, 6 levels left

rFire  . . .     SeeInvis .     a - +1 hand axe (chop)
rCold  + . .     Gourm    .     b - +0 plate armour
rNeg   + + +     Faith    .     k - +0 buckler
rPois  ∞         Spirit   .     (no helmet)
rElec  .         Reflect  .     (no cloak)
rCorr  .         Harm     .     m - +1 pair of gloves
MR     .....                    (no boots)
Stlth  ..........               (no amulet)
                                (no ring)
                                (no ring)

@: rotting
A: rotting body, claws 1, carnivore 3, cold resistance 1, negative energy
resistance 3, slow regeneration 1, torment resistance, unbreathing
a: Depart the Abyss, Bend Space, Renounce Religion


You were on level 5 of the Dungeon.
You worshipped Lugonu.
Lugonu was pleased with you.
You were not hungry.

You visited 1 branch of the dungeon, and saw 6 of its levels.
You visited the Abyss 1 time.

You collected 246 gold pieces.

Inventory:

Hand Weapons
 a - a +1 hand axe of chopping (weapon)
 e - a +0 hand axe of chopping
 l - a +1 war axe
 n - a +0 trident of piercing
Missiles
 o - 2 tomahawks (quivered)
Armour
 b - a +0 plate armour (worn)
 k - a +0 buckler (worn)
 m - a +1 pair of gloves (worn)
Wands
 g - a wand of slowing (48/48)
 i - a wand of slowing (36/48)
Scrolls
 d - 7 scrolls of remove curse
 f - a scroll of identify
 r - a scroll of fog
 v - a scroll of holy word {unknown}
Potions
 p - a potion of flight
Comestibles
 c - a meat ration
 h - 2 beef jerkies


   Skills:
 + Level 4.0 Fighting
 + Level 4.3 Axes
 + Level 0.1 Throwing
 * Level 4.1 Armour
 + Level 1.1 Dodging
 + Level 1.1 Shields
 * Level 4.0 Invocations


You had 6 spell levels left.
You didn't know any spells.

Dungeon Overview and Level Annotations

Branches:
Dungeon (6/15)
 Temple: D:4-7

Altars:
Cheibriados
Dithmenos
Gozag
Nemelex Xobeh
Qazlal

Annotations:
D:5 Pikel
D:6 Blork the orc


Innate Abilities, Weirdness & Mutations

Your body is rotting away.
You thrive on raw meat.
You are immune to poison.
You have sharp fingernails.
You are carnivorous and can eat meat at any time.
Your flesh is cold resistant. (rC+)
You are immune to negative energy. (rN+++)
You regenerate slowly when monsters are visible.
You are immune to unholy pain and torment.
You can survive without breathing.


Message History

* * * LOW HITPOINT WARNING * * *
Pikel hits you but does no damage.
You climb downwards.
A shadow imp comes into view.
The shadow imp shouts!
You hear a shout!
Found 7 gold pieces.
There is a stone staircase leading up here.
Found a stone staircase leading up.
Blork the orc comes into view.
He is wielding a glaive.
Blork the orc shouts!
Pikel says, "You'll fetch a fair price!"
A bullfrog skeleton comes into view.
There is a stone staircase leading up here.
You block Pikel's attack.
Blork the orc hits you from afar with a glaive.
* * * LOW HITPOINT WARNING * * *
You climb upwards.
There is a stone staircase leading down here.
Space bends around you!
You blink.
You die...

.?# #.# ....#######.###..##....
##..##......##.. ...###.#####..
#.....>... #.##.# #####...##.p...
..#......###.##.######..###......
.........##..............[..#.###
.........g.g........§..######.##
.............<.....K......##...##
........#..g.........#..........#
######..........@................
.................................
.#####..####.....####............
#.###....[..# #...........#
##.o##...#...# #.#...##...##
..##.o.#..###...# #...##...###
..........# #...# ..[.. ....
........#.# ..........>.......
............######...........


You could see Pikel and 3 gnolls.

Vanquished Creatures
  2 slaves
  A necrophage (D:4)
  A scorpion (D:4)
  2 hounds (D:4)
  3 orc priests
  An orc wizard (D:4)
  A worker ant (D:3)
  A worker ant zombie (D:5)
  A howler monkey skeleton (D:4)
  8 adders
  6 worms
  2 dart slugs
  A leopard gecko (D:4)
  19 orcs
  5 bats
  2 giant cockroaches
  9 hobgoblins
  4 jackals (D:4)
  3 kobolds
  2 quokkas
  A ball python (D:2)
  3 frilled lizards
  11 goblins
  7 rats
96 creatures vanquished.

Notes
Turn   | Place    | Note
-------+----------+-------------------------------------------
     0 | Abyss:1  | Gargoyl the Ghoul Abyssal Knight began the quest for the Orb.
     0 | Abyss:1  | Reached XP level 1. HP: 19/19 MP: 1/1
   108 | Abyss:2  | Noticed a small abomination
   111 | D:1      | Escaped the Abyss
   438 | D:1      | Reached XP level 2. HP: 26/26 MP: 2/2
   982 | D:2      | Reached XP level 3. HP: 30/31 MP: 3/3
  1010 | D:2      | Reached * piety under Lugonu
  1032 | D:2      | Found a stormy altar of Qazlal.
  1068 | D:2      | Found a snail-covered altar of Cheibriados.
  1294 | D:2      | Reached XP level 4. HP: 26/38 MP: 4/4
  1572 | D:3      | Reached skill level 1 in Dodging
  1578 | D:3      | Reached ** piety under Lugonu
  1578 | D:3      | Reached XP level 5. HP: 32/46 MP: 6/6
  1579 | D:3      | Found a sparkling altar of Nemelex Xobeh.
  1760 | D:3      | Found a shadowy altar of Dithmenos.
  2001 | D:3      | Found an opulent altar of Gozag.
  2316 | D:4      | Reached XP level 6. HP: 38/52 MP: 7/7
  2999 | D:4      | Noticed a necrophage
  3013 | D:4      | Killed a necrophage
  3013 | D:4      | Reached XP level 7. HP: 59/59 MP: 8/8
  3040 | D:5      | Entered Level 5 of the Dungeon
  3095 | D:5      | Reached skill level 1 in Shields
  3140 | D:5      | Noticed Pikel
  4003 | D:6      | Noticed Blork the orc
  4011 | D:5      | Killed by a spatial distortion

Skill      XL: |  1  2  3  4  5  6  7 |
---------------+----------------------+-----
Armour         | 2 3 4 |  4.1
Axes           | 2 3 4 |  4.3
Dodging        | 1 |  1.1
Invocations    | 3 4 |  4.0
Fighting       | 4 |  4.0
Shields        | 1 |  1.1
Throwing       | |  0.1

Action                   |  1- 3 |  4- 6 |  7- 9 || total
-------------------------+-------+-------+-------++-------
Melee: Hand axe          |   123 |   202 |   150 ||   475
Throw: Tomahawk          |       |     2 |       ||     2
Invok: Depart the Abyss  |     1 |       |       ||     1
       Bend Space        |       |       |     1 ||     1
  Use: Scroll            |     7 |     8 |       ||    15
       Potion            |     1 |     3 |     4 ||     8
  Eat: Chunk             |    13 |    27 |     8 ||    48
Armor: Ring mail         |     8 |       |       ||     8
       Plate armour      |    71 |   179 |   112 ||   362
Dodge: Dodged            |    42 |    41 |    34 ||   117
Block: Buckler           |       |    19 |    27 ||    46
